 Dungeon Crawl Stone Soup version 0.22.1-2-g9c5b331 (webtiles) character file.

154 dvd the Skirmisher (level 5, -8/33 HPs)
             Began as a Gargoyle Monk on Dec 4, 2018.
             Mangled by an ogre
             ... wielding a cursed +0 giant club
              (22 damage)
             ... on level 3 of the Dungeon.
             The game lasted 00:04:50 (2115 turns).

dvd the Skirmisher (Gargoyle Monk)                  Turns: 2115, Time: 00:04:51

Health: -8/33      AC: 11    Str: 16    XL:     5   Next: 36%
Magic:  5/5        EV: 10    Int: 10    God:
Gold:   105        SH:  0    Dex: 12    Spells: 4/4 levels left

rFire    . . .     SeeInvis .   a - +0 hand axe
rCold    . . .     Gourm    .   (no shield)
rNeg     + . .     Faith    .   j - +1 scale mail {rPois}
rPois    ∞         Spirit   .   (no helmet)
rElec    +         Reflect  .   (no cloak)
rCorr    .         Harm     .   (no gloves)
MR       .....                  (no boots)
Stlth    +.........             (no amulet)
HPRegen  0.11/turn              (no ring)
MPRegen  0.09/turn              (no ring)

@: no status effects
A: negative energy resistance 1, electricity resistance, unbreathing,
petrification resistance, rot immunity, AC +4
a: no special abilities


You were on level 3 of the Dungeon.
You were not hungry.

You visited 1 branch of the dungeon, and saw 3 of its levels.

You collected 105 gold pieces.

Inventory:

Hand Weapons
 a - a +0 hand axe (weapon)
 q - a +0 flail
Armour
 j - a +1 scale mail of poison resistance (worn)
Scrolls
 e - 6 scrolls of identify {unknown}
 f - 2 scrolls of teleportation {unknown}
 g - a scroll of amnesia {unknown}
 h - a scroll of immolation {unknown}
 i - a scroll of fear {unknown}
 l - a scroll of blinking {unknown}
 o - a scroll of enchant weapon {unknown}
Potions
 d - 2 potions of brilliance {unknown}
 k - 2 potions of degeneration {unknown}
 m - a potion of flight {unknown}
 n - a potion of mutation {unknown}
 p - a potion of heal wounds {unknown}
Comestibles
 c - 8 rations


   Skills:
 + Level 4.1 Fighting
 + Level 3.9 Axes
 + Level 1.7 Throwing
 + Level 0.7 Armour
 + Level 2.8 Dodging
 + Level 2.4 Stealth


You had 4 spell levels left.
You didn't know any spells.
Your spell library was empty.

Dungeon Overview and Level Annotations

Branches:
Dungeon (3/15)

Altars:
Kikubaaqudgha
Nemelex Xobeh


Innate Abilities, Weirdness & Mutations

You are resistant to torment.
Your stone body is resilient. (AC +4)
You are immune to poison.
You resist negative energy. (rN+)
You are resistant to electric shocks. (rElec)
You can survive without breathing.
You are immune to petrification.
You are immune to rotting.


Message History

You barely miss the ogre. The ogre hits you with a giant club!
You hit the ogre.
The ogre is lightly wounded.
The ogre barely misses you.
You hit the ogre.
The ogre is moderately wounded.
You hit the ogre.
The ogre is moderately wounded.
The ogre barely misses you.
You hit the ogre.
The ogre is moderately wounded.
The ogre hits you with a giant club.
You completely miss the ogre.
The ogre is moderately wounded.
The ogre hits you with a giant club.
You hit the ogre but do no damage.
The ogre is moderately wounded.
The ogre hits you with a giant club!!
Ouch! That really hurt!
You die...

#..........# #
+..........# #.
##..........## #..
..............
!###.#######........#.##..
........#....###....#.##..
....>...+.................
#†#<.........##.####
#.#@.........##+###
#.O...............#
.......#......#+##.....#
.......#......# #g....#
.....=.####...+ #.....#
...)...# #...# #.....#
.......# ...# #.....#
..###### ... +.....# ..
###.....#


You could see an ogre.

Vanquished Creatures
  An orc wizard (D:3)
  4 adders
  A gnoll (D:1)
  An ooze (D:3)
  3 worms
  3 leopard geckos
  3 orcs (D:3)
  3 giant cockroaches
  11 goblins
  8 hobgoblins
  2 jackals (D:1)
  6 kobolds
  2 ball pythons
  5 bats
  4 frilled lizards
  2 rats
  A rat zombie (D:2)
60 creatures vanquished.

Notes
Turn   | Place    | Note
-------+----------+-------------------------------------------
     0 | D:1      | dvd the Gargoyle Monk began the quest for the Orb.
     0 | D:1      | Reached XP level 1. HP: 14/14 MP: 1/1
     2 | D:1      | Noticed an octopode
     2 | D:1      | Noticed a draconian
     4 | D:1      | Noticed a spriggan
     4 | D:1      | Noticed a felid
     6 | D:1      | Noticed an elf
     6 | D:1      | Noticed a centaur
     8 | D:1      | Noticed a naga
    10 | D:1      | Noticed a gargoyle
    12 | D:1      | Noticed a human
    12 | D:1      | Noticed a dwarf
    16 | D:1      | Noticed a demigod
    16 | D:1      | Noticed a troll
    18 | D:1      | Noticed a ghoul
    18 | D:1      | Noticed a halfling
    20 | D:1      | Noticed a tengu
    20 | D:1      | Noticed a merfolk
    22 | D:1      | Noticed a vine stalker
    22 | D:1      | Noticed a formicid
    24 | D:1      | Noticed a vampire
    24 | D:1      | Noticed an ogre
    26 | D:1      | Noticed a demonspawn
    26 | D:1      | Noticed a minotaur
   119 | D:1      | Reached XP level 2. HP: 17/19 MP: 2/2
   240 | D:1      | Reached XP level 3. HP: 24/24 MP: 3/3
  1017 | D:2      | Reached XP level 4. HP: 27/29 MP: 4/4
  1156 | D:2      | Found an ancient bone altar of Kikubaaqudgha.
  1234 | D:2      | Reached skill level 4 in Fighting
  1234 | D:2      | Reached skill level 1 in Throwing
  1617 | D:3      | Found a sparkling altar of Nemelex Xobeh.
  1751 | D:3      | Reached XP level 5. HP: 29/33 MP: 5/5
  2100 | D:3      | Noticed an ogre
  2115 | D:3      | Mangled by an ogre

Skill      XL: |  1  2  3  4 |
---------------+-------------+-----
Axes           | 3 |  3.9
Fighting       | 4 |  4.1
Throwing       | 1 |  1.7
Armour         | |  0.7
Dodging        | |  2.8
Stealth        | |  2.4

Action                   |  1- 3 |  4- 6 || total
-------------------------+-------+-------++-------
Melee: Hand axe          |    53 |    76 ||   129
Throw: Javelin           |    31 |    28 ||    59
  Eat: Chunk             |       |     4 ||     4
Armor: Robe              |    15 |       ||    15
       Scale mail        |    11 |    53 ||    64
       Chain mail        |     1 |       ||     1
Dodge: Dodged            |    45 |    53 ||    98
